 Dungeon Crawl Stone Soup version 0.30.1 (webtiles) character file.

Game seed: 7450689658065252470

56 boopmooplesden the Slasher (level 3, 0/29 HPs)
             Began as a Demonspawn Berserker on July 8, 2023.
             Was a Believer of Trog.
             Succumbed to an adder's poison
             ... on level 2 of the Dungeon.
             The game lasted 00:02:12 (1650 turns).

boopmooplesden the Slasher (Demonspawn Berserker)   Turns: 1650, Time: 00:02:13

Health: 0/29       AC:  3    Str: 17    XL:     3   Next: 71%
Magic:  3/3        EV: 12    Int:  8    God:    Trog [**....]
Gold:   77         SH:  0    Dex: 14    Spells: 2/2 levels left

rFire   . . .        a - +0 falchion
rCold   . . .        (no shield)
rNeg    . . .        b - +0 animal skin
rPois   .            (no helmet)
rElec   .            (no cloak)
rCorr   .            (no gloves)
SInv    .            (no boots)
Will    .....        (no amulet)
Stlth   +            (no ring)
HPRegen 0.24/turn    (no ring)
MPRegen 0.08/turn

%: no passive effects
@: lethally poisoned (0 -> -5)
A: powered by pain 1, sharp scales 1
a: Renounce Religion, Berserk, Trog's Hand


You were on level 2 of the Dungeon.
You worshipped Trog.
Trog was pleased with you.
You visited 1 branch of the dungeon, and saw 2 of its levels.

You collected 77 gold pieces.

Inventory:

Hand Weapons
 a - a +0 falchion (weapon)
Armour
 b - a +0 animal skin (worn)
Jewellery
 i - a ring of protection from fire
Scrolls
 c - a scroll of noise {unknown}
 d - a scroll of teleportation {unknown}
 h - a scroll of identify {unknown}
Potions
 e - a potion of cancellation
 f - 2 potions of curing {unknown}
 g - a potion of magic {unknown}


   Skills:
 + Level 3.3 Fighting
 + Level 3.7 Long Blades
 + Level 1.7 Armour
 + Level 2.3 Dodging


You had 2 spell levels left.
You didn't know any spells.
Your spell library was empty.

Dungeon Overview and Level Annotations

Branches:
Dungeon (2/15)

Altars:


Innate Abilities, Weirdness & Mutations

You sometimes gain a little power by taking damage.
You are partially covered in razor-sharp scales. (AC +1, Slay +1)


Message History

You feel sick. The adder closely misses you.
You barely miss the adder.
The adder is heavily wounded.
You feel sick. The adder closely misses you.
You hit the adder.
The adder is severely wounded.
You feel sick.
You are no longer poisoned.
The adder closely misses you. The adder bites you.
You are poisoned.
The adder poisons you!
You completely miss the adder.
The adder is severely wounded.
You feel sick. The adder barely misses you. The adder misses you.
Okay, then.
You feel sick. The adder closely misses you.
You fail to use your ability.
You feel sick. The adder bites you.
* * * LOW HITPOINT WARNING * * *
You miss the adder.
The adder is severely wounded.
You feel sick. The adder bites you but does no damage.
The adder barely misses you.
You hit the adder.
The adder is almost dead.
You feel sick. The adder barely misses you.
You miss the adder.
The adder is almost dead.
You feel sick.
You are no longer poisoned.
The adder bites you.
* * * LOW HITPOINT WARNING * * *
You are lethally poisoned!
The adder poisons you!
You closely miss the adder.
The adder is almost dead.
* * * LOW HITPOINT WARNING * * *
You feel sick. The adder barely misses you.
The adder bites you but does no damage.
It was a potion of cancellation.
You feel magically purged.
You die...

...(.. ##..# #.#. ...... ##.#
..#. ##.## #..# ... #.# #..
.. ..## .. ### .#.## #..# .#
# ..... #..###.# #### ###
...... #...#..# ##...##..
......### #@S#.# ##.....#.#
........####....# #........#
......#....###..####.......##
...........†.......#.........
........###..#.....##.....#.#
........# ##.......##.......#
........######...#.#........#
.............#.#.#.#.........
########..##....<..........##


You could see an adder.

Vanquished Creatures
  An adder (D:2)
  A worm (D:2)
  3 dart slugs (D:1)
  A ball python (D:2)
  2 bats
  4 endoplasms (D:1)
  2 giant cockroaches (D:1)
  5 goblins (D:1)
  3 hobgoblins (D:1)
  2 jackals (D:1)
  4 quokkas
  3 kobolds (D:1)
  2 rats (D:1)
33 creatures vanquished.

Notes
Turn   | Place    | Note
-------+----------+-------------------------------------------
     0 | D:1      | boopmooplesden the Demonspawn Berserker began the quest for
                  | the Orb.
     0 | D:1      | Reached XP level 1. HP: 18/18 MP: 1/1
   123 | D:1      | Gained mutation: You sometimes gain a little power by
                  | taking damage. [demonic ancestry]
   123 | D:1      | Reached XP level 2. HP: 17/24 MP: 2/2
   726 | D:1      | Gained mutation: You are partially covered in razor-sharp
                  | scales. (AC +1, Slay +1) [demonic ancestry]
   726 | D:1      | Reached XP level 3. HP: 21/29 MP: 3/3
  1526 | D:2      | Found a faded altar of an unknown god.
  1628 | D:2      | Reached ** piety under Trog
  1650 | D:2      | Succumbed to an adder's poison

Illustrated notes

Levels and vault maps discovered:
D:1:      nicolae_arrival_memento_mori, layout_basic, chequers_avenue,
          kennysheep_decorative_pillar, kennysheep_flooded_box
D:2:      layout_rooms, hellmonk_ecumenical_altar_arch_garden

Skill      XL: |  1 |
---------------+----+-----
Long Blades    | 3 |  3.7
Dodging        | 2 |  2.3
Fighting       | |  3.3
Armour         | |  1.7

Action                     || total
---------------------------++-------
  Melee: Falchion          ||   125
         Punch             ||     1
    Use: Potion            ||     1
 Armour: Animal skin       ||    25
  Dodge: Dodged            ||    85
